 Dungeon Crawl Stone Soup version 0.27-a0-394-g49c82dfaf2 (webtiles) character file.

Game seed: 1091268992981161118

27286 sahdkjhfkaj the Severer (level 13, 0/82 HPs)
             Began as a Tengu Berserker on Feb 20, 2021.
             Was a High Priest of Trog.
             Slain by a cane toad (17 damage)
             ... on level 4 of the Lair of Beasts.
             The game lasted 00:24:08 (19056 turns).

sahdkjhfkaj the Severer (Tengu Berserker)          Turns: 19056, Time: 00:24:09

Health: 0/82       AC: 12    Str: 25    XL:     13   Next: 31%
Magic:  14/14      EV:  7    Int:  9    God:    Trog [*****.]
Gold:   797        SH:  8    Dex: 13    Spells: 12/12 levels left

rFire    + . .     SeeInvis .   a - +2 hand axe (elec)
rCold    . . .     Faith    .   G - +0 kite shield
rNeg     . . .     Spirit   .   r - +0 plate armour
rPois    +         Reflect  .   (helmet restricted)
rElec    .         Harm     .   p - scarf {repulsion}
rCorr    .         Rampage  .   (no gloves)
Will     +....                  (boots unavailable)
Stlth    ..........             (no amulet)
HPRegen  0.23/turn              c - ring of poison resistance
MPRegen  0.14/turn              K - ring of Fadapn {rF+ Will+ Str+3}

@: about to teleport, berserk cooldown, flying quickly and evasively, slowed,
repel missiles, very slow
A: beak, talons 3, able to fly
a: Stop Flying, Renounce Religion, Berserk, Trog's Hand, Brothers in Arms


You were on level 4 of the Lair of Beasts.
You worshipped Trog.
Trog was extremely pleased with you.
You visited 2 branches of the dungeon, and saw 14 of its levels.
You also visited: Bailey.

You collected 797 gold pieces.

Inventory:

Hand Weapons
 a - a +2 hand axe of electrocution (weapon)
 b - a +4 scimitar of flaming
Armour
 p - a scarf of repulsion (worn)
 r - a +0 plate armour (worn)
 G - a +0 kite shield (worn)
Jewellery
 c - a ring of poison resistance (left hand)
 K - the ring of Fadapn (right hand) {rF+ Will+ Str+3}
   (You found it on level 10 of the Dungeon)

   [ring of protection from fire]

   It affects your strength (+3).
   It protects you from fire.
   It affects your willpower, your defense against some magical effects.
 M - a ring of ice
 O - a ring of magical power
Wands
 v - a wand of digging (4)
 w - a wand of flame (14)
 C - a wand of random effects (17)
 D - a wand of acid (14)
 E - a wand of polymorph (11)
Scrolls
 d - 2 scrolls of fog {!r}
 e - 2 scrolls of magic mapping {!r}
 i - a scroll of summoning {!r, unknown}
 j - 2 scrolls of amnesia {!r, unknown}
 m - 5 scrolls of teleportation {!r}
 q - 3 scrolls of enchant weapon {!r}
 t - a scroll of vulnerability {!r, unknown}
 x - 2 scrolls of blinking {!r, unknown}
 y - a scroll of acquirement {!r, unknown}
 B - a scroll of torment {!r, unknown}
 F - a scroll of brand weapon {!r, unknown}
 L - 5 scrolls of immolation {!r}
 P - 2 scrolls of identify {!r}
Potions
 f - a potion of might {!q}
 g - 3 potions of haste {!q}
 h - 4 potions of degeneration {!q, unknown}
 k - 8 potions of curing {!q}
 l - 2 potions of invisibility {!q, unknown}
 n - 4 potions of heal wounds {!q}
 o - 3 potions of flight {!q, unknown}
 s - 5 potions of lignification {!q}
 u - 2 potions of mutation {!q, unknown}
 z - 2 potions of berserk rage {!q, unknown}
 A - 3 potions of magic {!q}
 I - a potion of attraction {!q, unknown}
 J - a potion of resistance {!q, unknown}
Miscellaneous
 H - a condenser vane {!v}
 N - a phantom mirror


   Skills:
 - Level 10.0 Fighting
 + Level 18.3(18.4) Axes
 - Level 3.2(12.8) Polearms
 - Level 6.0 Armour
 - Level 4.0 Dodging
 - Level 2.0 Stealth
 - Level 6.0 Evocations


You had 12 spell levels left.
You didn't know any spells.
Your spell library was empty.

Dungeon Overview and Level Annotations

Branches:
Dungeon (10/15)            Temple (0/1) D:7            Lair (4/6) D:10
 Shoals (0/4) Lair:2          Orc (0/2) D:9          Bailey (visited)
  Snake: Lair:2-4    Spider: Lair:2-4

Altars:
Ashenzari
Cheibriados
Dithmenos
Fedhas
Gozag
Kikubaaqudgha
Nemelex Xobeh
Qazlal
Ru
Sif Muna
Trog
Wu Jian
The Shining One

Shops:
D:8 ?   D:9 [

Annotations:
Lair:1 exclusion: oklob plant


Innate Abilities, Weirdness & Mutations

You have a beak for a mouth.
You have claws for feet.
You can fly continuously.


Message History

You claw the elephant.
The elephant is almost dead.
You slash the elephant!
You kill the elephant!
Trog accepts your kill.
You hit the elephant but do no damage.
You are no longer berserk.
You are exhausted.
You feel yourself slow down. The elephant tramples you.
* * * LOW HITPOINT WARNING * * *
You hold your ground!
The elephant trunk-slaps you.
* * * LOW HITPOINT WARNING * * *
You block the elephant's attack.
The elephant trunk-slaps you but does no damage.
You slash the elephant!
You claw the elephant, but do no damage.
You peck the elephant.
The elephant is almost dead.
You completely miss the cane toad. You hit the elephant.
Lightning courses through the elephant!!
You kill the elephant!
Trog accepts your kill. The cane toad stings you!
* * * LOW HITPOINT WARNING * * *
You block the elephant's attack.
The elephant trunk-slaps you but does no damage.
Really read
m - 6 scrolls of teleportation {!r}?
As you read the scroll of teleportation {!r}, it crumbles to dust.
You feel strangely unstable. The cane toad stings you.
* * * LOW HITPOINT WARNING * * *
The elephant tramples you!
* * * LOW HITPOINT WARNING * * *
You hold your ground!
The elephant trunk-slaps you but does no damage.
The cane toad barely misses you.
The elephant tramples you but does no damage.
The elephant trunk-slaps you but does no damage.
The cane toad stings you!
You die...

....#<.<##.#
....P..##.##
....>...#### .
.....##....# ..
........#.## #...
.....P..)#####
##....#
........รท.##.##
###.D..#
..............###F..#
................@YY##
.................###
.................#
..................#
..................#
..................#
...................
##................P.
##............


You could see a five-headed hydra, 2 elephants and a cane toad.

Vanquished Creatures
  The ghost of Junaliek the Protected, a journeyman MiFi of Okawaru (Lair:2)
  Fannar (Lair:3)
  The ghost of Huxoxzufuz the Blocker, a journeyman GnFi of Hepliaklqana (Lair:2)
  A hydra (Lair:1)
  Erica (D:8)
  A catoblepas (Lair:3)
  A two-headed ogre (D:9)
  3 death yaks
  An unseen horror (D:10)
  An orc knight (Bailey)
  A deep elf archer (D:10)
  4 lindwurms (Lair:3)
  A wolf spider (D:10)
  A manticore (D:10)
  8 elephants (Lair:4)
  6 cane toads
  A torpor snail (Lair:4)
  2 rime drakes
  Maggie (D:7)
  A tengu conjurer (D:10)
  11 blink frogs
  Sigmund (D:3)
  A basilisk (Lair:2)
  3 wyverns
  12 yaks
  A steam dragon (D:9)
  An acid dragon (D:8)
  4 water moccasins
  Duvessa (D:7)
  An orc warrior (D:10)
  2 sky beasts
  2 black bears (D:10)
  2 ice beasts (D:10)
  2 ogres
  8 wolves
  2 centaurs
  4 phantoms
  Blork the orc (D:6)
  13 bullfrogs
  Dowan (D:7)
  A wyvern skeleton (D:10)
  3 scorpions
  7 killer bees
  7 wights
  A howler monkey (D:5)
  An electric eel (D:8)
  A lava snake (D:8)
  A centaur zombie (D:10)
  A bullfrog zombie (D:9)
  A quasit (D:9)
  2 gnoll shamans
  5 orc priests
  3 hounds
  2 jellies
  3 centaur skeletons
  5 iguanas
  Terence (D:2)
  Natasha (thrice) (D:2)
  5 orc wizards
  9 worker ants
  A hell rat (D:10)
  A killer bee zombie (D:6)
  A hound skeleton (D:8)
  2 worker ant zombies
  22 gnolls
  A howler monkey skeleton (D:4)
  15 adders
  A shadow imp (D:5)
  4 white imps
  4 ufetubi
  2 oozes
  An adder skeleton (D:4)
  A worm (D:2)
  3 dart slugs
  3 leopard geckos
  36 orcs
  3 bat zombies (D:9)
  4 giant cockroaches
  5 goblins
  13 hobgoblins
  10 jackals
  4 quokkas
  10 bats
  5 frilled lizards
  19 kobolds
  A quokka skeleton (D:4)
  10 rats
355 creatures vanquished.

Vanquished Creatures (collateral kills)
  A two-headed ogre (D:8)
  An adder (D:8)
2 creatures vanquished.

Vanquished Creatures (others)
  A ghoul (D:1)
  A minotaur (D:1)
  2 gargoyles (D:1)
  A vine stalker (D:1)
  4 humans (D:1)
  3 centaurs (D:1)
  2 mummies (D:1)
  An orc (D:1)
  10 fungi
  9 plants
  8 tentacles (D:1)
  6 withered plants (Lair:2)
48 creatures vanquished.

Grand Total: 405 creatures vanquished

Notes
Turn   | Place    | Note
-------+----------+-------------------------------------------
     0 | D:1      | sahdkjhfkaj the Tengu Berserker began the quest for the
                  | Orb.
     0 | D:1      | Reached XP level 1. HP: 14/14 MP: 2/2
     2 | D:1      | Noticed a human
     2 | D:1      | Noticed a centaur
     2 | D:1      | Noticed a centaur
     2 | D:1      | Noticed a centaur
     2 | D:1      | Noticed a ghoul
     2 | D:1      | Noticed a kraken
     2 | D:1      | Noticed a vine stalker
     2 | D:1      | Noticed a human
     2 | D:1      | Noticed a human
     2 | D:1      | Noticed a gargoyle
     2 | D:1      | Noticed a human
     2 | D:1      | Noticed a minotaur
     2 | D:1      | Noticed a gargoyle
     4 | D:1      | Killed a centaur
     5 | D:1      | Killed a human
     5 | D:1      | Killed a human
     6 | D:1      | Killed a centaur
     8 | D:1      | Killed a gargoyle
    10 | D:1      | Killed a centaur
    12 | D:1      | Killed a gargoyle
    17 | D:1      | Killed a vine stalker
    20 | D:1      | Killed a minotaur
    20 | D:1      | Killed a human
    21 | D:1      | Killed a human
    25 | D:1      | Killed a ghoul
   107 | D:1      | Reached skill level 1 in Stealth
   184 | D:1      | Reached XP level 2. HP: 19/19 MP: 3/3
   428 | D:1      | Reached XP level 3. HP: 23/23 MP: 4/4
   434 | D:1      | Reached ** piety under Trog
   939 | D:2      | Reached XP level 4. HP: 29/29 MP: 5/5
  1092 | D:2      | Noticed Natasha
  1095 | D:2      | Killed Natasha
  1223 | D:2      | Found a sacrificial altar of Ru.
  1281 | D:2      | Noticed Natasha
  1289 | D:2      | Killed Natasha
  1290 | D:2      | Reached skill level 5 in Fighting
  1290 | D:2      | Gained mutation: You can fly continuously. [Tengu growth]
  1290 | D:2      | Reached XP level 5. HP: 31/35 MP: 6/6
  1557 | D:2      | Noticed Terence
  1566 | D:2      | Killed Terence
  1767 | D:2      | Noticed Natasha
  1773 | D:2      | Killed Natasha
  1922 | D:3      | Reached XP level 6. HP: 41/41 MP: 7/7
  2014 | D:3      | Reached *** piety under Trog
  2108 | D:3      | Noticed a sky beast
  2124 | D:3      | Killed a sky beast
  2319 | D:3      | Found a glowing drain.
  2518 | D:3      | Reached XP level 7. HP: 48/48 MP: 8/8
  2764 | D:3      | Noticed Sigmund
  2776 | D:3      | Killed Sigmund
  2777 | D:3      | Reached skill level 1 in Evocations
  3419 | D:4      | Found a stormy altar of Qazlal.
  3421 | D:4      | Noticed a fire elemental
  3422 | D:4      | Noticed a water elemental
  3422 | D:4      | Noticed an air elemental
  3429 | D:4      | Reached XP level 8. HP: 47/56 MP: 9/9
  3804 | D:4      | Got a jasper-encrusted ring mail
  3814 | D:4      | Identified the +1 ring mail of Impermeability {MP+9 Dex+3}
                  | (You found it on level 4 of the Dungeon)
  3902 | D:5      | Entered Level 5 of the Dungeon
  4073 | D:5      | Reached **** piety under Trog
  5383 | D:6      | Reached skill level 10 in Fighting
  5472 | D:6      | Reached skill level 5 in Evocations
  5472 | D:6      | Reached XP level 9. HP: 53/62 MP: 10/10
  5844 | D:6      | Found a shimmering blue altar of Sif Muna.
  5844 | D:6      | Found a snail-covered altar of Cheibriados.
  5848 | D:6      | Found a broken altar of Ashenzari.
  5975 | D:6      | Noticed Blork the orc
  5982 | D:6      | Killed Blork the orc
  6601 | D:6      | Found a bloodstained altar of Trog.
  6611 | D:6      | Found a shadowy altar of Dithmenos.
  6657 | D:7      | Found a sparkling altar of Nemelex Xobeh.
  6708 | D:7      | Found an opulent altar of Gozag.
  6832 | D:7      | Found an ornate altar of the Wu Jian Council.
  6863 | D:7      | Found a flagged portal.
  6890 | Bailey   | Entered a bailey
  7205 | Bailey   | Reached ***** piety under Trog
  7240 | Bailey   | Noticed an orc knight
  7261 | Bailey   | Killed an orc knight
  7262 | Bailey   | Reached skill level 5 in Armour
  7262 | Bailey   | Reached skill level 2 in Axes
  7921 | D:7      | Noticed Dowan
  7921 | D:7      | Noticed Duvessa
  7932 | D:7      | Killed Duvessa
  7933 | D:7      | Reached skill level 3 in Axes
  7934 | D:7      | Killed Dowan
  7960 | D:7      | Found a staircase to the Ecumenical Temple.
  8002 | D:7      | Reached skill level 4 in Axes
  8007 | D:7      | Reached skill level 5 in Axes
  8009 | D:7      | Reached XP level 10. HP: 65/68 MP: 11/11
  8011 | D:7      | Reached skill level 6 in Axes
  8174 | D:7      | Found a shadowy altar of Dithmenos.
  8264 | D:7      | Noticed Maggie
  8281 | D:7      | Killed Maggie
  8282 | D:7      | Reached skill level 7 in Axes
  8731 | D:8      | Found Zocece's Magic Scroll Shoppe.
  8787 | D:8      | Noticed a two-headed ogre
  8821 | D:8      | Killed a two-headed ogre
  8822 | D:8      | Reached skill level 8 in Axes
  9149 | D:8      | Reached skill level 9 in Axes
 10397 | D:8      | Noticed Erica
 10406 | D:8      | Killed Erica
 10407 | D:8      | Reached skill level 10 in Axes
 10952 | D:9      | Reached skill level 11 in Axes
 11247 | D:9      | Found a glowing golden altar of the Shining One.
 11373 | D:9      | Found Ylurikk's Antique Armour Shoppe.
 11379 | D:9      | Reached XP level 11. HP: 72/72 MP: 12/12
 11663 | D:9      | Found an ancient bone altar of Kikubaaqudgha.
 11688 | D:9      | Noticed a two-headed ogre
 11699 | D:9      | Killed a two-headed ogre
 11700 | D:9      | Reached skill level 12 in Axes
 12167 | D:9      | Found a staircase to the Orcish Mines.
 12215 | D:10     | Entered Level 10 of the Dungeon
 12353 | D:10     | Found a large runed translucent door.
 12354 | D:10     | Found a large runed translucent door.
 12356 | D:10     | Noticed a manticore
 12368 | D:10     | Killed an unseen horror
 12376 | D:10     | Killed a manticore
 12381 | D:10     | Reached skill level 13 in Axes
 12485 | D:10     | Noticed a death yak
 12486 | D:10     | Found a staircase to the Lair.
 12486 | D:10     | Noticed a death yak
 12487 | D:10     | Noticed a death yak
 12538 | D:9      | Killed a death yak
 12900 | D:10     | Killed a death yak
 12906 | D:10     | Killed a death yak
 12979 | D:10     | Found a shimmering blue altar of Sif Muna.
 12993 | D:10     | Reached skill level 14 in Axes
 13562 | D:10     | Got a twitching brass ring
 13775 | D:10     | Found a blossoming altar of Fedhas.
 13775 | D:10     | Noticed a deep elf archer
 13781 | D:10     | Killed a deep elf archer
 13804 | D:10     | Noticed a wolf spider
 13809 | D:10     | Killed a wolf spider
 13812 | D:10     | Found a blossoming altar of Fedhas.
 14020 | D:8      | Identified the ring of Fadapn {rF+ Will+ Str+3} (You found
                  | it on level 10 of the Dungeon)
 14104 | Lair:1   | Entered Level 1 of the Lair of Beasts
 14111 | Lair:1   | Noticed an oklob plant
 14242 | Lair:1   | Reached XP level 12. HP: 60/77 MP: 13/13
 14398 | Lair:1   | Noticed a seven-headed hydra
 14420 | Lair:1   | Killed a five-headed hydra
 14421 | Lair:1   | Reached skill level 15 in Axes
 15191 | Lair:1   | Found a shimmering blue altar of Sif Muna.
 15416 | Lair:2   | Found a runed translucent gate.
 15417 | Lair:2   | Found a runed translucent gate.
 15418 | Lair:2   | Found a runed translucent gate.
 15419 | Lair:2   | Noticed Huxoxzufuz's ghost (journeyman GnFi)
 15419 | Lair:2   | Noticed Junaliek's ghost (journeyman MiFi)
 15655 | Lair:2   | Found a staircase to the Shoals.
 16345 | Lair:2   | Reached skill level 16 in Axes
 16875 | Lair:3   | Noticed Fannar
 16876 | Lair:3   | Noticed a catoblepas
 17032 | Lair:2   | Killed Huxoxzufuz's ghost
 17033 | Lair:2   | Killed Junaliek's ghost
 17536 | Lair:3   | Reached skill level 17 in Axes
 17656 | Lair:3   | Killed Fannar
 17709 | Lair:3   | Killed a catoblepas
 18273 | Lair:3   | Reached XP level 13. HP: 82/82 MP: 14/14
 18776 | Lair:4   | Reached skill level 18 in Axes
 18780 | Lair:4   | Received a gift from Trog
 19056 | Lair:4   | Slain by a cane toad

Illustrated notes

Levels and vault maps discovered:
D:1:      nicolae_arrival_kraken_aquarium_b, layout_loops_ring,
          serial_park_tiny_2
D:2:      layout_loops_ring, hangedman_ru_absence, kennysheep_big_empty_room,
          uniq_natasha, uniq_terence
D:3:      layout_basic, gup_sewer_entry_bowl, fountainhead, uniq_sigmund
D:4:      layout_loops_ring, nicolae_qazlal_style_of_elements
D:5:      layout_basic, grunt_decor_fettered
D:6:      layout_loops_ring, nicolae_overflow_hidden_temple, basic_altar,
          uniq_blork_the_orc
D:7:      layout_loops_cross, grunt_dithmenos_smoke_and_mirrors,
          nzn_wu_jian_contemplation, nemelex_xobeh_ov_fountains_minmay,
          kennysheep_mini_moat, minmay_temple_entry_wispy, enter_bailey_1,
          uniq_maggie, uniq_duvessa
D:8:      layout_rooms, serial_shops, shop, nicolae_lava_and_water,
          grunt_ministairs_12, uniq_erica
D:9:      layout_roguey, lemuel_zombie_altar_kikubaaqudgha,
          lemuel_crystal_altar, orc_0_dummy, serial_shops, shop
D:10:     layout_roguey, dpeg_lair_monsters, basic_altar,
          hangedman_decor_clover_reticule, jmf_multi_god_temple2
Lair:1:   layout_loops_ring, lemuel_oklob_altar
Lair:2:   layout_roguey, elwin_shoals_entry_rocks, gammafunk_ghost_cemetery
Lair:3:   layout_big_grid, minmay_lindwurm_lava, uniq_fannar
Lair:4:   layout_cave_pods, guppyfry_snake_entry_island

Skill      XL: |  1  2  3  4  5  6  7  8  9 10 11 12 13 |
---------------+----------------------------------------+-----
Stealth        | 2 |  2.0
Fighting       | 4 5 6 7 8 10 | 10.0
Evocations     | 2 5 6 |  6.0
Armour         | 5 6 |  6.0
Dodging        | 4 |  4.0
Axes           | 5 11 14 17 18 | 18.3
Polearms       | |  3.2

Action                   |  1- 3 |  4- 6 |  7- 9 | 10-12 | 13-15 || total
-------------------------+-------+-------+-------+-------+-------++-------
Melee: Spear             |    61 |   109 |    75 |       |       ||   245
       Peck              |     7 |    10 |    71 |    77 |    17 ||   182
       Kick              |     5 |    19 |   106 |   158 |    26 ||   314
       Rapier            |       |       |   258 |       |       ||   258
       Short sword       |       |       |    67 |   105 |       ||   172
       Halberd           |       |       |    30 |       |       ||    30
       War axe           |       |       |       |    51 |       ||    51
       Hand axe          |       |       |       |   285 |    47 ||   332
       Scimitar          |       |       |       |     5 |       ||     5
Invok: Berserk           |     2 |     7 |    12 |    23 |     3 ||    47
       Trog's Hand       |       |     1 |     1 |     3 |       ||     5
       Brothers in Arms  |       |       |     1 |     1 |       ||     2
 Abil: Fly               |       |     1 |       |       |       ||     1
Evoke: Wand              |       |       |       |     6 |       ||     6
       Condenser vane    |       |       |       |     1 |       ||     1
  Use: Scroll            |     2 |     2 |     3 |     8 |     3 ||    18
 Stab: Sleeping          |     6 |       |       |       |       ||     6
       Petrified         |       |       |       |     5 |       ||     5
Armor: Animal skin       |     1 |       |       |       |       ||     1
       Scale mail        |     4 |     7 |       |       |       ||    11
       Chain mail        |       |    19 |   194 |    35 |       ||   248
       Plate armour      |       |       |       |   174 |    36 ||   210
Dodge: Dodged            |    22 |    35 |   229 |   128 |    19 ||   433
Block: Buckler           |       |       |    30 |     4 |       ||    34
       Kite shield       |       |       |       |   129 |    17 ||   146
       Rpst.: Scimitar   |       |       |       |     1 |       ||     1

Table legend: (Time is in decaauts)
 A = Elapsed time spent in this place.
 B = Non-inter-level travel time spent in this place.
 C = Inter-level travel time spent in this place.
 D = Time resting spent in this place.
 E = Time spent auto-exploring this place.
 F = Levels seen in this place.
 G = Mean time per level.
                   A        B        C        D        E       F      G
               +--------+--------+--------+--------+--------+-----+--------+
         Total |  18780 |  17922 |    858 |   1491 |  14011 |  15 | 1252.0 |
       Dungeon |  13049 |  12409 |    640 |    841 |   9815 |  10 | 1304.9 |
          Lair |   4807 |   4589 |    218 |    567 |   3546 |   4 | 1201.8 |
        Bailey |    923 |    923 |      0 |     82 |    649 |   1 |  923.0 |
               +--------+--------+--------+--------+--------+-----+--------+

Top non-repeatable levels by time:
     D:8: 2259 daAuts
     D:9: 1818 daAuts
  Lair:2: 1587 daAuts
  Lair:1: 1537 daAuts
     D:5: 1423 daAuts
    D:10: 1353 daAuts
  Lair:3: 1316 daAuts
     D:6: 1310 daAuts
     D:2: 1065 daAuts
     D:7: 1022 daAuts
     D:4: 1005 daAuts
     D:3: 924 daAuts
  Bailey: 923 daAuts
     D:1: 865 daAuts
  Lair:4: 365 daAuts
